| TOP OF THE 1ST |
|
Iowa Cubs batting - Pitching for Las Vegas 51s : RHP Felipe Hinojosa
|
|
Pitching: RHP Felipe Hinojosa
|
|
|
Batting: LHB Jose Mojica
|
0-0: Swinging Strike 0-1: Swinging Strike 0-2: Ball 1-2: Ball 2-2: SINGLE (Line Drive, 7LS, EV 109.4 MPH)
|
|
Batting: RHB Butch Koglin
|
0-0: Called Strike 0-1: Foul Ball, location: 2F 0-2: Ball 1-2: Grounds into double play, 4-6-3 (Groundball, 4, EV 79.4 MPH)
|
|
Batting: SHB Gerardo Flores
|
0-0: Called Strike 0-1: Swinging Strike 0-2: Fly out, F9 (Flyball, 89S, EV 88.8 MPH)
|
| Top of the 1st over - 0 runs, 1 hit, 0 errors, 0 left on base; Iowa 0 - Las Vegas 0 |
| BOTTOM OF THE 1ST |
|
Las Vegas 51s batting - Pitching for Iowa Cubs : LHP Kyle Foster
|
|
Pitching: LHP Kyle Foster
|
|
|
Batting: RHB Jordan Martin
|
0-0: Swinging Strike 0-1: Ball 1-1: Ball 2-1: Ball 3-1: Base on Balls
|
|
Batting: SHB Billy Encinias
|
0-0: Ball 1-0: Called Strike 1-1: Ball 2-1: Ball 3-1: Base on Balls Jordan Martin to second
|
|
Batting: SHB Roberto Magne
|
0-0: TRIPLE (Line Drive, 9D, EV 106.3 MPH) Jordan Martin scores Billy Encinias scores
|
|
Batting: SHB Josh Schultze
|
0-0: Called Strike 0-1: Ball 1-1: Ground out 5-3 (Groundball, 56S, EV 73.1 MPH) Roberto Magne scores
|
|
Batting: LHB Joey Biber
|
0-0: Called Strike 0-1: Ball 1-1: Ball 2-1: Foul Ball, location: 2F 2-2: Strikes out swinging
|
|
Batting: LHB Adam Hairston
|
0-0: Ball 1-0: Ball 2-0: Called Strike 2-1: Reached via error on a dropped throw from P, E3 (Groundball, 13S, EV 71.9 MPH)
|
|
Batting: RHB Leon Edwards
|
0-0: Ball 1-0: Ball 2-0: Swinging Strike 2-1: Swinging Strike 2-2: Strikes out swinging
|
| Bottom of the 1st over - 3 runs, 1 hit, 1 error, 1 left on base; Iowa 0 - Las Vegas 3 |
| TOP OF THE 2ND |
|
Iowa Cubs batting - Pitching for Las Vegas 51s : RHP Felipe Hinojosa
|
|
Batting: LHB Chris Morgan
|
0-0: Called Strike 0-1: Ball 1-1: Ball 2-1: SINGLE (Line Drive, 9S, EV 98.8 MPH)
|
|
Batting: LHB John Criswell
|
0-0: Called Strike 0-1: Ball 1-1: Grounds into double play, 4-6-3 (Groundball, 4, EV 85.6 MPH)
|
|
Batting: SHB Tim Hone
|
0-0: Fly out, F8 (Flyball, 8RS, EV 88.8 MPH)
|
| Top of the 2nd over - 0 runs, 1 hit, 0 errors, 0 left on base; Iowa 0 - Las Vegas 3 |
| BOTTOM OF THE 2ND |
|
Las Vegas 51s batting - Pitching for Iowa Cubs : LHP Kyle Foster
|
|
Batting: LHB Ben Goldstein
|
0-0: Ball 1-0: Ball 2-0: Called Strike 2-1: Foul Ball, location: 2F 2-2: Ball 3-2: Strikes out looking
|
|
Batting: RHB Yoshiro Higuchi
|
0-0: Foul Ball, location: 2F 0-1: Ground out 4-3 (Groundball, 4, EV 100.6 MPH)
|
|
Batting: RHB Jordan Martin
|
0-0: Ball 1-0: Ball 2-0: Called Strike 2-1: Ground out 6-3 (Groundball, 56, EV 102.5 MPH)
|
| Bottom of the 2nd over - 0 runs, 0 hits, 0 errors, 0 left on base; Iowa 0 - Las Vegas 3 |
| TOP OF THE 3RD |
|
Iowa Cubs batting - Pitching for Las Vegas 51s : RHP Felipe Hinojosa
|
|
Batting: RHB Pat Barton
|
0-0: Ball 1-0: Foul Ball, location: 2F 1-1: Ball 2-1: Swinging Strike 2-2: Foul Ball, location: 2F 2-2: Foul Ball, location: 2F 2-2: Strikes out swinging
|
|
Batting: LHB Bobby Adams
|
0-0: Ground out 4-3 (Groundball, 4, EV 86.9 MPH)
|
|
Batting: SHB R.J. Vargas
|
0-0: Fly out, F6 (Popup, 6, EV 68.8 MPH)
|
| Top of the 3rd over - 0 runs, 0 hits, 0 errors, 0 left on base; Iowa 0 - Las Vegas 3 |
| BOTTOM OF THE 3RD |
|
Las Vegas 51s batting - Pitching for Iowa Cubs : LHP Kyle Foster
|
|
Batting: SHB Billy Encinias
|
0-0: Ball 1-0: Ball 2-0: Ball 3-0: Called Strike 3-1: Foul Ball, location: 2F 3-2: Foul Ball, location: 2F 3-2: Strikes out swinging
|
|
Batting: SHB Roberto Magne
|
0-0: Ball 1-0: Ball 2-0: Ball 3-0: Base on Balls
|
|
Batting: SHB Josh Schultze
|
0-0: Ball 1-0: Grounds into double play, 6-4-3 (Groundball, 6, EV 81.9 MPH)
|
| Bottom of the 3rd over - 0 runs, 0 hits, 0 errors, 0 left on base; Iowa 0 - Las Vegas 3 |
| TOP OF THE 4TH |
|
Iowa Cubs batting - Pitching for Las Vegas 51s : RHP Felipe Hinojosa
|
|
Batting: LHB Jose Mojica
|
0-0: Ball 1-0: Ground out 3-1 (Groundball, 34, EV 80.0 MPH)
|
|
Batting: RHB Butch Koglin
|
0-0: Foul Ball, location: 2F 0-1: Foul Ball, location: 2F 0-2: Ball 1-2: Foul Ball, location: 2F 1-2: Strikes out swinging, 2-3 out at first.
|
|
Batting: SHB Gerardo Flores
|
0-0: Called Strike 0-1: Ball 1-1: Swinging Strike 1-2: Ball 2-2: Fly out, F7 (Flyball, 7LD, EV 100.0 MPH)
|
| Top of the 4th over - 0 runs, 0 hits, 0 errors, 0 left on base; Iowa 0 - Las Vegas 3 |
| BOTTOM OF THE 4TH |
|
Las Vegas 51s batting - Pitching for Iowa Cubs : LHP Kyle Foster
|
|
Batting: LHB Joey Biber
|
0-0: Called Strike 0-1: Swinging Strike 0-2: Foul Ball, location: 2F 0-2: Ground out U3 (Groundball, 34S, EV 83.8 MPH)
|
|
Batting: LHB Adam Hairston
|
0-0: Ball 1-0: Ground out 2-3 (Groundball, 15S, EV 75.6 MPH)
|
|
Batting: RHB Leon Edwards
|
0-0: Called Strike 0-1: Ball 1-1: Swinging Strike 1-2: Foul Ball, location: 2F 1-2: Strikes out swinging
|
| Bottom of the 4th over - 0 runs, 0 hits, 0 errors, 0 left on base; Iowa 0 - Las Vegas 3 |
| TOP OF THE 5TH |
|
Iowa Cubs batting - Pitching for Las Vegas 51s : RHP Felipe Hinojosa
|
|
Batting: LHB Chris Morgan
|
0-0: Foul Ball, location: 2F 0-1: Foul Ball, location: 2F 0-2: Ball 1-2: Ball 2-2: SINGLE (Groundball, 6S, EV 68.1 MPH) (infield hit)
|
|
Batting: LHB John Criswell
|
0-0: Called Strike 0-1: Ball 1-1: Grounds into double play, 4-6-3 (Groundball, 4, EV 95.6 MPH)
|
|
Batting: SHB Tim Hone
|
0-0: Called Strike 0-1: Ball 1-1: TRIPLE (Flyball, 9LD, EV 106.9 MPH)
|
|
Batting: RHB Pat Barton
|
0-0: Called Strike 0-1: Called Strike 0-2: Ball 1-2: Ball 2-2: Strikes out swinging
|
| Top of the 5th over - 0 runs, 2 hits, 0 errors, 1 left on base; Iowa 0 - Las Vegas 3 |
| BOTTOM OF THE 5TH |
|
Las Vegas 51s batting - Pitching for Iowa Cubs : LHP Kyle Foster
|
|
Batting: LHB Ben Goldstein
|
0-0: Swinging Strike 0-1: Ball 1-1: Called Strike 1-2: Fly out, F7 (Flyball, 78S, EV 75.6 MPH)
|
|
Batting: RHB Yoshiro Higuchi
|
0-0: Hit by Pitch
|
|
Batting: RHB Jordan Martin
|
0-0: Called Strike 0-1: Grounds into double play, 6-4-3 (Groundball, 6, EV 103.1 MPH)
|
| Bottom of the 5th over - 0 runs, 0 hits, 0 errors, 0 left on base; Iowa 0 - Las Vegas 3 |
| TOP OF THE 6TH |
|
Iowa Cubs batting - Pitching for Las Vegas 51s : RHP Felipe Hinojosa
|
|
Batting: LHB Bobby Adams
|
0-0: Ball 1-0: Called Strike 1-1: Foul Ball, location: 2F 1-2: Ball 2-2: Ground out U3 (Groundball, 34, EV 76.9 MPH)
|
|
Batting: SHB R.J. Vargas
|
0-0: Ball 1-0: Called Strike 1-1: Ball 2-1: Foul Ball, location: 2F 2-2: Foul Ball, location: 2F 2-2: Foul Ball, location: 2F 2-2: Fly out, F7 (Flyball, 7S, EV 88.1 MPH)
|
|
Batting: LHB Jose Mojica
|
0-0: Foul Ball, location: 2F 0-1: Fly out, F4 (Popup, 34D, EV 66.3 MPH)
|
| Top of the 6th over - 0 runs, 0 hits, 0 errors, 0 left on base; Iowa 0 - Las Vegas 3 |
| BOTTOM OF THE 6TH |
|
Las Vegas 51s batting - Pitching for Iowa Cubs : LHP Kyle Foster
|
|
Batting: SHB Billy Encinias
|
0-0: Swinging Strike 0-1: Ball 1-1: Ground out 5-3 (Groundball, 56, EV 83.8 MPH)
|
|
Batting: SHB Roberto Magne
|
0-0: Called Strike 0-1: Fly out, F9 (Flyball, 9LD, EV 100.0 MPH)
|
|
Batting: SHB Josh Schultze
|
0-0: Ball 1-0: Ball 2-0: Called Strike 2-1: Ground out 3-1 (Groundball, 34, EV 86.9 MPH)
|
| Bottom of the 6th over - 0 runs, 0 hits, 0 errors, 0 left on base; Iowa 0 - Las Vegas 3 |
| TOP OF THE 7TH |
|
Iowa Cubs batting - Pitching for Las Vegas 51s : RHP Felipe Hinojosa
|
|
Batting: RHB Butch Koglin
|
0-0: Called Strike 0-1: Called Strike 0-2: Ball 1-2: Ball 2-2: Ball 3-2: Foul Ball, location: 2F 3-2: Base on Balls
|
|
Batting: SHB Gerardo Flores
|
0-0: Ball 1-0: Ball 2-0: Called Strike 2-1: Swinging Strike 2-2: Foul Ball, location: 2F 2-2: Strikes out swinging
|
|
Batting: LHB Chris Morgan
|
0-0: Foul Ball, location: 2F 0-1: Grounds into double play, 6-4-3 (Groundball, 6M, EV 84.4 MPH)
|
| Top of the 7th over - 0 runs, 0 hits, 0 errors, 0 left on base; Iowa 0 - Las Vegas 3 |
| BOTTOM OF THE 7TH |
|
Las Vegas 51s batting - Pitching for Iowa Cubs : LHP Kyle Foster
|
|
Batting: LHB Joey Biber
|
0-0: Ball 1-0: Ground out 4-3 (Groundball, 4, EV 110.0 MPH)
|
|
Batting: LHB Adam Hairston
|
0-0: Ball 1-0: Ball 2-0: Ball 3-0: Called Strike 3-1: SINGLE (Line Drive, 5D, EV 107.5 MPH)
|
|
Batting: RHB Leon Edwards
|
0-0: Ground out 6-3 (Groundball, P, EV 76.9 MPH) Adam Hairston to second
|
|
Batting: LHB Ben Goldstein
|
0-0: Foul Ball, location: 2F 0-1: Foul Ball, location: 2F 0-2: Ball 1-2: Ball 2-2: DOUBLE (Groundball, 5L, EV 97.5 MPH) Adam Hairston scores
|
|
Batting: RHB Yoshiro Higuchi
|
0-0: Ball 1-0: Foul Ball, location: 2F 1-1: Foul Ball, location: 2F 1-2: Foul Ball, location: 2F 1-2: Foul Ball, location: 2F 1-2: Ball 2-2: SINGLE (Groundball, 6M, EV 105.6 MPH) (infield hit) Ben Goldstein to third
|
|
Pitching: RHP Mike Richardson
|
|
|
Batting: RHB Jordan Martin
|
0-0: Ground out 4-3 (Groundball, 3D, EV 108.8 MPH)
|
| Bottom of the 7th over - 1 run, 3 hits, 0 errors, 2 left on base; Iowa 0 - Las Vegas 4 |
| TOP OF THE 8TH |
|
Iowa Cubs batting - Pitching for Las Vegas 51s : RHP Felipe Hinojosa
|
|
Batting: LHB John Criswell
|
0-0: Ball 1-0: Foul Ball, location: 2F 1-1: Ball 2-1: Swinging Strike 2-2: Ball 3-2: DOUBLE (Groundball, 5L, EV 101.9 MPH)
|
|
Batting: SHB Tim Hone
|
0-0: Called Strike 0-1: Ball 1-1: Foul Ball, location: 2F 1-2: Ground out 6-3 (Groundball, 6, EV 82.5 MPH)
|
|
Batting: RHB Pat Barton
|
0-0: Ball 1-0: Foul Ball, location: 2F 1-1: Ball 2-1: Swinging Strike 2-2: Strikes out looking
|
|
Batting: LHB Bobby Adams
|
0-0: Called Strike 0-1: Ground out 4-3 (Groundball, 4, EV 85.6 MPH)
|
| Top of the 8th over - 0 runs, 1 hit, 0 errors, 1 left on base; Iowa 0 - Las Vegas 4 |
| BOTTOM OF THE 8TH |
|
Las Vegas 51s batting - Pitching for Iowa Cubs : RHP Mike Richardson
|
|
Batting: SHB Billy Encinias
|
0-0: Foul Ball, location: 2F 0-1: DOUBLE (Flyball, 8LXD, EV 91.9 MPH)
|
|
Batting: SHB Roberto Magne
|
0-0: Called Strike 0-1: Called Strike 0-2: DOUBLE (Line Drive, 9LD, EV 108.8 MPH) Billy Encinias scores
|
|
Batting: SHB Josh Schultze
|
0-0: Ball 1-0: Swinging Strike 1-1: Ball Passed Ball! Roberto Magne to third 2-1: Ground out U3 (Groundball, 3, EV 93.8 MPH)
|
|
Batting: LHB Joey Biber
|
0-0: Ball 1-0: Ball 2-0: Ball 3-0: Swinging Strike 3-1: Base on Balls
|
|
Batting: LHB Adam Hairston
|
0-0: Ball Joey Biber steals 2nd, throwing error, E2 Roberto Magne scores Joey Biber to third 1-0: Called Strike 1-1: Called Strike 1-2: Ball 2-2: Ground out 5-3 (Groundball, 56, EV 88.8 MPH) Joey Biber scores
|
|
Batting: RHB Leon Edwards
|
0-0: Ground out 4-3 (Groundball, 4S, EV 93.1 MPH)
|
| Bottom of the 8th over - 3 runs, 2 hits, 1 error, 0 left on base; Iowa 0 - Las Vegas 7 |
| TOP OF THE 9TH |
|
Iowa Cubs batting - Pitching for Las Vegas 51s : RHP Felipe Hinojosa
|
|
Batting: SHB R.J. Vargas
|
0-0: Foul Ball, location: 2F 0-1: Ball 1-1: Called Strike 1-2: Ball 2-2: Strikes out looking
|
|
Batting: LHB Jose Mojica
|
0-0: Ball 1-0: Ground out 4-3 (Groundball, 34, EV 84.4 MPH)
|
|
Pinch Hitting: SHB Nick Chandler
|
0-0: Ball 1-0: Foul Ball, location: 2F 1-1: Ball 2-1: Swinging Strike 2-2: Ball 3-2: Fly out, F3 (Popup, 34, EV 81.9 MPH)
|
| Top of the 9th over - 0 runs, 0 hits, 0 errors, 0 left on base; Iowa 0 - Las Vegas 7 |
|